Map: Triton LE

Players

banana

  • Race: Protoss Protoss
  • League: Platinum
  • Spawn Location: 11:00

pHARM - Winner!

  • Race: Zerg Zerg
  • League: Platinum
  • Spawn Location: 5:00

VOD

Have the link to the VOD?

Description

Time

  • Played on: Sept. 13, 2019, 10:56 p.m.
  • Length: 2:15
Show
View Real Time Build Order
Export as new Build Order

banana Protoss 

Build Orders: Cannon Rush 

Get SALT Encoding   

  12  0:01  Probe  
  13  0:17  Pylon  
  13  0:18  Probe  
  14  0:30  Probe  
  15  0:42  Forge, Probe  
  16  0:54  Probe  
  17  1:06  Probe  
  17  1:10  Pylon  
  18  1:16  Assimilator  
  18  1:18  Probe  
  19  1:29  Photon Cannon  
  19  1:32  Gateway  
  19  1:34  Pylon  
  19  1:42  Photon Cannon  
  19  1:57  Photon Cannon  
  18  2:03  Probe  
Show
View Real Time Build Order
Export as new Build Order

pHARM Zerg - Winner!

Build Orders: Hatch First 

Get SALT Encoding   

  12  0:01  Drone  
  13  0:14  Overlord  
  13  0:17  Drone  
  14  0:32  Drone x2  
  16  0:56  Hatchery  
  15  1:00  Drone x3  
  18  1:15  Spawning Pool  
  17  1:42  Drone  
  17  1:43  Drone x2  
  20  1:55  Drone  
Tags
 
Add a new tag
Caveats
  • Supply blocks, unpowered buildings, or Contaminate may cause inaccurate times.
  • Supply counts are checked every 10 seconds.